 Dungeon Crawl Stone Soup version 0.31.0-11-ge490571c62 (webtiles) character file.

Game seed: 17810777253865511471

3870 KingKong the Trooper (level 10, -9/90 HPs)
             Began as an Oni Fighter on Jan 31, 2024.
             Was a Priest of Nemelex Xobeh.
             Mangled by a yak (13 damage)
             ... on level 9 of the Dungeon.
             The game lasted 00:23:12 (7738 turns).

KingKong the Trooper (Oni Fighter)                  Turns: 7738, Time: 00:23:14

Health: -9/90      AC:  6    Str: 22    XL:     10   Next: 19%
Magic:  14/14      EV:  9    Int: 17    God:    Nemelex Xobeh [***...]
Gold:   361        SH:  0    Dex: 10    Spells: 9/15 levels left

rFire   . . .        j - +7 dagger "Uggaont" {vamp, rElec}
rCold   . . .        c - +0 kite shield
rNeg    . . .        b - +0 robe
rPois   .            (helmet restricted)
rElec   +            d - +2 cloak
rCorr   .            (gloves unavailable)
SInv    +            (boots unavailable)
Will    +....        f - amulet of reflection
Stlth   +            g - ring of see invisible
HPRegen 0.35/turn    z - +6 ring of intelligence
MPRegen 0.14/turn

%: reflection
@: confused, ambrosia-drunk
A: large, unfitting armour, horns 1, tough skin 1, double potion healing,
drunken brawling, frail 1, screaming 1, electricity resistance
a: Renounce Religion, Draw Escape, Draw Destruction, Draw Summoning, Triple Draw


You were on level 9 of the Dungeon.
You worshipped Nemelex Xobeh.
Nemelex Xobeh was most pleased with you.
You visited 1 branch of the dungeon, and saw 9 of its levels.

You collected 361 gold pieces.

Inventory:

Hand Weapons
 a - a +1 war axe
 j - the +7 dagger "Uggaont" (weapon) {vamp, rElec}
   (You found it on level 3 of the Dungeon)

   rElec:     It insulates you from electricity.
 q - a +1 giant club
Missiles
 m - 21 poisoned darts
 u - 8 large rocks (quivered)
 x - a throwing net
 B - 6 javelins
 C - 10 boomerangs
Armour
 b - a +0 robe (worn)
 c - a +0 kite shield (worn)
 d - a +2 cloak (worn)
Jewellery
 f - an amulet of reflection (around neck)
 g - a ring of see invisible (left hand)
 z - a +6 ring of intelligence (right hand)
Talismans
 l - a beast talisman
Wands
 A - a wand of acid (2)
Scrolls
 k - 3 scrolls of immolation
 n - 3 scrolls of noise
 o - 2 scrolls of revelation
 y - a scroll of enchant weapon
 D - a scroll of teleportation
Potions
 e - 3 potions of degeneration
 h - a potion of curing
 i - 2 potions of attraction {unknown}
 p - 2 potions of lignification
 s - a potion of brilliance
 t - a potion of cancellation {unknown}
 v - a potion of magic {unknown}


   Skills:
 * Level 6.4 Fighting
 * Level 4.1 Short Blades
 * Level 4.5 Axes
 * Level 2.9 Throwing
 * Level 3.2 Armour
 * Level 4.8 Dodging
 * Level 2.5 Stealth
 * Level 5.4 Shields
 * Level 3.1 Spellcasting
 * Level 2.6 Conjurations
 * Level 2.0 Summonings
 * Level 2.6 Fire Magic
 * Level 2.2 Alchemy
 * Level 3.2 Invocations
 * Level 1.3 Evocations
 * Level 2.6 Shapeshifting


You had 9 spell levels left.
You knew the following spells:

 Your Spells              Type           Power      Damage    Failure   Level
a - Foxfire               Conj/Fire      44%        2x1d6     12%         1
b - Ignite Poison         Fire/Alch      10%        N/A       80%         4
c - Summon Small Mammal   Summ           36%        N/A       16%         1

Your spell library contained the following spells:

 Spells                   Type           Power      Damage    Failure   Level
 Call Canine Familiar     Summ           9%         N/A       43%         3
 Volatile Blastmotes      Fire/Tloc      14%        2d11      54%         3
 Fulminant Prism          Conj/Alch      5%         3d6       80%         4
 Sticky Flame             Fire/Alch      10%        2d5       80%         4
 Summon Blazeheart Golem  Fire/Summ      10%        N/A       80%         4
 Iskenderun's Mystic Bla  Conj/Tloc      7%         2d4       91%         4
 Fireball                 Conj/Fire      5%         3d5       98%         5
 Plasma Beam              Fire/Air       3%         2x1d13    100%        6
 Starburst                Conj/Fire      5%         6d4       100%        6
 Ignition                 Fire           5%         3d4       100%        8


Dungeon Overview and Level Annotations

Branches:
Dungeon (9/15)             Temple (0/1) D:4
   Lair: D:8-11         Orc: D:9-12

Altars:
Nemelex Xobeh
Xom


Innate Abilities, Weirdness & Mutations

You are too large for most types of armour.
You have a pair of small horns on your head.
You have tough skin. (AC +1)
You gain doubled healing and magic from potions.
Whenever you drink a healing potion, you attack all around you.
You are frail. (-10% HP)
You occasionally shout uncontrollably at your foes.
You are resistant to electric shocks. (rElec)


Message History

You savour every drop.
You feel invigorated.
You are engulfed in noxious fumes.
You choke on the stench!
You are more confused.
The yak closely misses you.
The orc wizard hits you but does no damage.
The yak gores you.
* * * LOW HITPOINT WARNING * * *
A wight comes into view. It is wielding a +0 halberd.
A wight comes into view. It is wielding a +3 great sword.
The yak gores you!
* * * LOW HITPOINT WARNING * * *
You hit the yak but do no damage.
The yak is lightly wounded.
You are engulfed in noxious fumes.
You choke on the stench!
You are more confused.
The yak closely misses you.
The orc wizard points at you and mumbles some strange words.
You are more confused.
The yak gores you.
* * * LOW HITPOINT WARNING * * *
The yak gores you!
* * * LOW HITPOINT WARNING * * *
Unknown command.
Okay, then.
You are too confused!
You bump into the rock wall.
You are engulfed in noxious fumes.
You choke on the stench!
You are more confused.
The yak barely misses you.
The orc wizard hits you but does no damage.
The yak gores you.
* * * LOW HITPOINT WARNING * * *
The yak completely misses you.
You hit the orc wizard. You headbutt the orc wizard.
The orc wizard is severely wounded.
The yak gores you!
* * * LOW HITPOINT WARNING * * *
The orc wizard closely misses you. The yak gores you!
You die...
Your body glows slightly and disappears.

#............ ..
#..........##...
#.............##
#...z.z<........
#.........#...#
##.......†# .
#..ozz.###
#>...##oY## ..##
#@Yo# ###Y#.#
#..F#.#
#...........#
###.........#
#.##.?....... #.
#.....Y... .
#......... #
#.....(#..


You could see 3 yaks, a bullfrog, 4 wights, an orc wizard (invisible, corroded)
and 2 orcs.

Vanquished Creatures
  A hornet (D:9)
  4 yaks (D:8)
  A wyvern (D:9)
  2 orc warriors
  A black bear (D:6)
  2 sky beasts (D:7)
  An ogre (D:5)
  2 centaurs
  2 phantoms
  2 bullfrogs (D:8)
  3 scorpions
  13 wights (D:7)
  6 howler monkeys
  2 bombardier beetles
  5 hounds
  2 jellies (D:5)
  2 orc priests
  Crazy Yiuf (D:5)
  5 orc wizards
  2 gnolls
  8 adders
  2 shadow imps
  A dart slug (D:1)
  23 orcs
  2 endoplasms
  3 giant cockroaches
  4 goblins
  4 hobgoblins
  7 jackals
  5 quokkas
  8 ball pythons
  4 bats (D:3)
  3 frilled lizards
  9 kobolds
  5 rats
147 creatures vanquished.

Vanquished Creatures (collateral kills)
  A phantom (D:5)
  A gnoll bouda (D:8)
  An orc priest (D:6)
  2 gnolls (D:8)
  2 orcs (D:6)
7 creatures vanquished.

Vanquished Creatures (others)
  A kobold brigand (D:4)
  4 foxfires
5 creatures vanquished.

Grand Total: 159 creatures vanquished

Notes
Turn   | Place    | Note
-------+----------+-------------------------------------------
     0 | D:1      | KingKong the Oni Fighter began the quest for the Orb.
     0 | D:1      | Reached XP level 1. HP: 24/24 MP: 1/1
   283 | D:1      | Reached XP level 2. HP: 32/32 MP: 2/2
   825 | D:2      | Reached XP level 3. HP: 39/39 MP: 3/3
   960 | D:3      | Identified the +7 dagger "Uggaont" {vamp, rElec}
  1131 | D:3      | Found a sparkling altar of Nemelex Xobeh.
  1143 | D:3      | Got Heje's Papyrus of Lava
  1149 | D:3      | Learned a level 1 spell: Foxfire
  1149 | D:3      | Became a worshipper of Nemelex Xobeh the Trickster
  1257 | D:3      | Reached skill level 1 in Armour
  1257 | D:3      | Reached XP level 4. HP: 38/49 MP: 4/4
  1460 | D:3      | Reached XP level 5. HP: 19/55 MP: 5/5
  2287 | D:2      | Reached * piety under Nemelex Xobeh
  2307 | D:2      | You fall into a shaft and drop 1 floor!
  2646 | D:4      | Received a gift from Nemelex Xobeh
  2871 | D:4      | Reached skill level 1 in Throwing
  2955 | D:4      | Reached skill level 1 in Short Blades
  2955 | D:4      | Reached skill level 1 in Stealth
  2955 | D:4      | Reached skill level 1 in Spellcasting
  2955 | D:4      | Reached skill level 1 in Shapeshifting
  2955 | D:4      | Reached XP level 6. HP: 62/63 MP: 7/7
  3086 | D:4      | Found a staircase to the Ecumenical Temple.
  3525 | D:5      | Entered Level 5 of the Dungeon
  3642 | D:5      | Reached skill level 1 in Conjurations
  3687 | D:5      | Reached skill level 1 in Fire Magic
  3687 | D:5      | Reached XP level 7. HP: 39/71 MP: 8/8
  3706 | D:5      | Learned a level 4 spell: Ignite Poison
  3878 | D:5      | Reached ** piety under Nemelex Xobeh
  3907 | D:5      | Reached skill level 1 in Invocations
  4314 | D:5      | Reached skill level 5 in Fighting
  4718 | D:5      | Found a runed translucent door.
  4719 | D:5      | Noticed Crazy Yiuf
  4731 | D:5      | Killed Crazy Yiuf
  5027 | D:5      | Learned a level 1 spell: Summon Small Mammal
  5062 | D:5      | Found a shimmering altar of Xom.
  5241 | D:6      | Reached XP level 8. HP: 80/80 MP: 10/10
  5816 | D:7      | Reached skill level 1 in Alchemy
  5871 | D:7      | Reached *** piety under Nemelex Xobeh
  5893 | D:7      | Reached skill level 1 in Summonings
  5925 | D:7      | Reached XP level 9. HP: 71/89 MP: 12/12
  6496 | D:7      | Received a gift from Nemelex Xobeh
  6804 | D:8      | Reached skill level 6 in Fighting
  6815 | D:8      | Reached skill level 5 in Shields
  6815 | D:8      | Reached skill level 1 in Evocations
  7067 | D:8      | Gained mutation: You are frail. (-10% HP) [potion of
                  | mutation]
  7067 | D:8      | Gained mutation: You expend magic power (3 MP) to
                  | strengthen your wands. [potion of mutation]
  7067 | D:8      | Gained mutation: You possess an exceptional clarity of
                  | mind. [potion of mutation]
  7068 | D:8      | Lost mutation: You possess an exceptional clarity of mind.
                  | [potion of mutation]
  7068 | D:8      | Lost mutation: You expend magic power (3 MP) to strengthen
                  | your wands. [potion of mutation]
  7068 | D:8      | Gained mutation: You occasionally shout uncontrollably at
                  | your foes. [potion of mutation]
  7068 | D:8      | Gained mutation: You are resistant to electric shocks.
                  | (rElec) [potion of mutation]
  7205 | D:8      | Reached **** piety under Nemelex Xobeh
  7271 | D:8      | Reached XP level 10. HP: 86/88 MP: 14/14
  7738 | D:9      | HP: 4/90 [yak (13)]
  7738 | D:9      | Mangled by a yak

Illustrated notes

Levels and vault maps discovered:
D:1:      evilmike_arrival_rings, layout_loops_ring
D:2:      layout_basic
D:3:      layout_basic, nemelex_xobeh_ov_fountains_minmay
D:4:      layout_basic, minmay_temple_entry_mini_moons
D:5:      layout_gridville, lemuel_doored_altar, uniq_crazy_yiuf_cottage
D:6:      layout_basic
D:7:      layout_loops_ring
D:8:      layout_basic
D:9:      layout_rooms, mainiacjoe_overflow_catwalk, nicolae_uskayaw_dance_hall,
          dreamdust_wishing_well, lightli_wizard_tower

Skill      XL: |  1  2  3  4  5  6  7  8  9 10 |
---------------+-------------------------------+-----
Dodging        | 3 4 |  4.8
Shields        | 3 4 5 |  5.4
Armour         | 1 2 3 |  3.2
Throwing       | 1 2 |  2.9
Short Blades   | 1 2 3 4 |  4.1
Stealth        | 1 2 |  2.5
Spellcasting   | 1 2 3 |  3.1
Shapeshifting  | 1 2 |  2.6
Axes           | 3 4 |  4.5
Conjurations   | 1 2 |  2.6
Fire Magic     | 1 2 |  2.6
Invocations    | 1 2 3 |  3.2
Fighting       | 5 6 |  6.4
Alchemy        | 1 2 |  2.2
Summonings     | 1 2 |  2.0
Evocations     | 1 |  1.3

Action                     |  1- 3 |  4- 6 |  7- 9 | 10-12 || total
---------------------------+-------+-------+-------+-------++-------
  Melee: War axe           |    40 |       |       |       ||    40
         Headbutt          |     7 |    12 |    51 |    12 ||    82
         Dagger            |    16 |   120 |   311 |    30 ||   477
  Throw: Boomerang         |    18 |       |       |       ||    18
         Dart              |       |     5 |       |       ||     5
         Large rock        |       |     3 |    11 |       ||    14
   Cast: Foxfire           |       |     1 |     1 |       ||     2
 Invoke: Draw Summoning    |       |       |     3 |       ||     3
         Triple Draw       |       |       |       |     1 ||     1
         Draw Escape       |       |       |       |     1 ||     1
  Evoke: Wand              |       |       |     3 |     4 ||     7
    Use: Scroll            |     6 |     4 |     4 |     1 ||    15
         Potion            |     1 |     2 |     6 |     2 ||    11
   Stab: Sleeping          |       |     1 |     3 |     1 ||     5
 Armour: Robe              |    33 |    81 |   143 |    51 ||   308
  Dodge: Dodged            |    19 |    33 |    78 |    21 ||   151
  Block: Kite shield       |    21 |    99 |   210 |    49 ||   379
         Reflection        |       |     6 |     2 |       ||     8
